 Dungeon Crawl Stone Soup version 0.29-a0-284-gf9362112df (webtiles) character file.

Game seed: 7299610373360211822

254 yunder69 the Slasher (level 5, -8/47 HPs)
             Began as a Minotaur Berserker on Mar 20, 2022.
             Was an Initiate of Wu Jian.
             Mangled by a black bear (9 damage)
             ... created by the rage of Trog
             ... on level 4 of the Dungeon.
             The game lasted 00:19:33 (4434 turns).

yunder69 the Slasher (Minotaur Berserker)           Turns: 4434, Time: 00:19:37

Health: -8/47      AC:  8    Str: 24    XL:     5   Next: 90%
Magic:  0/13       EV:  7    Int:  4    God:    Wu Jian [......]
Gold:   226        SH:  0    Dex:  9    Spells: 4/4 levels left

rFire   . . .      SeeInvis .   u - +0 flail
rCold   . . .      Faith    .   (no shield)
rNeg    . . .      Spirit   +   v - +1 plate armour
rPois   +          Reflect  .   (helmet restricted)
rElec   +          Harm     .   (no cloak)
rCorr   .          Rampage  .   (no gloves)
Will    .....                   (no boots)
Stlth   ..........              e - amulet of guardian spirit
HPRegen 0.15/turn               p - ring "Ananul" {Wiz rElec rPois MP+9}
MPRegen 0.13/turn               (no ring)

@: corroded
A: horns 2, retaliatory headbutt
a: Renounce Religion


You were on level 4 of the Dungeon.
You worshipped Wu Jian.
Wu Jian was noncommittal.
You visited 1 branch of the dungeon, and saw 4 of its levels.

You collected 226 gold pieces.

Inventory:

Hand Weapons
 d - a +0 hunting sling
 u - a +0 flail (weapon)
Armour
 v - a +1 plate armour (worn)
Jewellery
 e - an amulet of guardian spirit (around neck)
 p - the ring "Ananul" (left hand) {Wiz rElec rPois MP+9}
   (You found it on level 3 of the Dungeon)

   [ring of wizardry]

   It improves your spell success rate.
   rElec:     It insulates you from electricity.
   rPois:     It protects you from poison.
   MP:        It affects your magic capacity (+9).
Scrolls
 c - 3 scrolls of identify
 j - a scroll of enchant armour
 l - a scroll of blinking
 m - a scroll of teleportation (quivered)
 w - a scroll of amnesia
Potions
 a - a potion of flight {unknown}
 g - a potion of brilliance {unknown}
 q - a potion of berserk rage {unknown}
 t - 2 potions of might {unknown}


   Skills:
 - Level 4.6 Fighting
 - Level 5.0 Long Blades
 + Level 4.3 Maces & Flails
 - Level 3.2 Armour
 - Level 2.8 Dodging
 - Level 0.1 Stealth


You had 4 spell levels left.
You didn't know any spells.
Your spell library contained the following spells:

 Spells                   Type           Power      Damage    Failure   Level
 Ensorcelled Hibernation  Hex/Ice        0%         N/A       99%         2
 Passwall                 Tmut/Erth      0%         N/A       99%         2
 Portal Projectile        Hex/Tloc       0%         N/A       100%        3
 Swiftness                Air            0%         N/A       100%        3
 Animate Armour           Summ/Erth      0%         N/A       100%        4
 Blade Hands              Tmut           0%         N/A       100%        5
 Excruciating Wounds      Necr           0%         N/A       100%        5
 Iron Shot                Conj/Erth      0%         9d1       100%        6


Dungeon Overview and Level Annotations

Branches:
Dungeon (4/15)
 Temple: D:4-7

Altars:
Kikubaaqudgha
Wu Jian

Annotations:
D:4 1 runed translucent door, Psyclone's ghost, amateur OpFE


Innate Abilities, Weirdness & Mutations

You have a pair of horns on your head.
You reflexively headbutt those who attack you in melee.


Message History

You hit the jelly but do no damage.
Your hands burn!
You headbutt the jelly.
The jelly is almost dead.
The jelly hits you but does no damage.
You hit the jelly but do no damage.
Your hands burn!
You headbutt the jelly.
You kill the jelly!
The Council accepts your kill.
Your Maces & Flails skill increases to level 4!
Sorry, I don't know how to traverse that place.
Trog sends monsters to punish you. 5 black bears and a polar bear come into view.
Blink to where?
Press: ? - help, Dir - move target
Okay, then.
You lunge at the black bear.
You thump the black bear!
The black bear is moderately wounded.
You hit the black bear but do no damage.
The black bear is moderately wounded.
The black bear rages.
The black bear bites you. The black bear claws you.
The black bear claws you but does no damage.
The black bear bites you. The black bear claws you. x2
You hit the black bear.
The black bear is moderately wounded.
The black bear bites you! The black bear claws you.
The black bear claws you but does no damage.
The black bear bites you but does no damage.
The black bear claws you.
* * * LOW HITPOINT WARNING * * *
The black bear closely misses you. The black bear barely misses you.
The black bear claws you.
* * * LOW HITPOINT WARNING * * *
The black bear claws you.
* * * LOW HITPOINT WARNING * * *
The black bear rages.
The black bear bites you.
* * * LOW HITPOINT WARNING * * *
The black bear claws you.
* * * LOW HITPOINT WARNING * * *
The black bear completely misses you. The black bear bites you!
You die...

..### #..##.##.)#
.... #..##....))
#... ....##.###.#
#..# ###.##.# #.#
# #..# #.##.###.#
...#.##..#
#.##[.##.#
......^hh#
#...>..... #.
#hh# #####.##.#
#. #@h# #.##.# #.
#h.# .##.# #
#.##..## .##.#
#.#.##......# #
.##..
#.........#......
.###.
###.....>..#####
#. #..####### #.
#.. #. #. #.


You could see a polar bear (berserk) and 5 black bears.

Vanquished Creatures
  A phantom (D:4)
  A jelly (D:4)
  An orc wizard (D:4)
  7 adders
  A worm (D:2)
  2 dart slugs
  3 orcs (D:4)
  2 bats
  4 endoplasms
  A giant cockroach (D:4)
  6 goblins
  2 hobgoblins
  5 jackals
  3 quokkas (D:1)
  4 ball pythons
  2 frilled lizards
  5 kobolds
  6 rats
56 creatures vanquished.

Notes
Turn   | Place    | Note
-------+----------+-------------------------------------------
     0 | D:1      | yunder69 the Minotaur Berserker began the quest for the
                  | Orb.
     0 | D:1      | Reached XP level 1. HP: 19/19 MP: 0/0
  1266 | D:1      | Found a faded altar of an unknown god.
  1280 | D:1      | Reached XP level 2. HP: 18/27 MP: 1/1
  1464 | D:1      | Reached skill level 4 in Long Blades
  1938 | D:2      | Reached XP level 3. HP: 17/33 MP: 0/2
  1978 | D:2      | HP: 2/49 [jackal (1)]
  1985 | D:2      | HP: 2/49 [jackal (1)]
  2937 | D:3      | Reached XP level 4. HP: 24/41 MP: 3/3
  3156 | D:3      | Reached ** piety under Trog
  3174 | D:3      | Found an ornate altar of the Wu Jian Council.
  3189 | D:3      | Fell from the grace of Trog
  3189 | D:3      | Became a worshipper of the Wu Jian Council
  3247 | D:3      | Identified the ring "Ananul" {Wiz rElec rPois MP+9}
  3513 | D:3      | Reached skill level 5 in Long Blades
  3935 | D:4      | Found an ancient bone altar of Kikubaaqudgha.
  3992 | D:4      | Reached skill level 1 in Maces & Flails
  4010 | D:4      | Reached XP level 5. HP: 22/47 MP: 4/4
  4145 | D:4      | Noticed a phantom
  4162 | D:4      | Killed a phantom
  4272 | D:4      | Found a runed translucent door.
  4272 | D:4      | Noticed Psyclone's ghost (amateur OpFE)
  4432 | D:4      | Noticed a black bear
  4432 | D:4      | Noticed a black bear
  4432 | D:4      | Noticed a black bear
  4432 | D:4      | Noticed a black bear
  4432 | D:4      | Noticed a black bear
  4432 | D:4      | Noticed a polar bear
  4434 | D:4      | HP: 1/47 [black bear[the rage of Trog] (3)]
  4434 | D:4      | Mangled by a black bear

Illustrated notes

Levels and vault maps discovered:
D:1:      roderic_chinese_lattice_arrival, layout_basic, basic_ecumenical_altar
D:2:      layout_rooms
D:3:      layout_loops_ring, mainiacjoe_overflow_24_doors,
          dreamdust_princess_bridge
D:4:      layout_loops_ring, mainiacjoe_overflow_catch_the_wave,
          hellmonk_ghost_happy_afterlife, kennysheep_cross_bottleneck

Skill      XL: |  1  2  3  4  5 |
---------------+----------------+-----
Long Blades    | 4 5 |  5.0
Fighting       | 4 |  4.6
Armour         | 3 |  3.2
Maces & Flails | 2 4 |  4.3
Dodging        | |  2.8
Stealth        | |  0.1

Action                   |  1- 3 |  4- 6 || total
-------------------------+-------+-------++-------
Melee: Falchion          |   105 |    35 ||   140
       Headbutt          |     6 |     9 ||    15
       Flail             |       |    55 ||    55
 Fire: Hunting sling     |       |     3 ||     3
Invok: Berserk           |     1 |       ||     1
       Lunge             |       |     4 ||     4
  Use: Scroll            |     5 |     7 ||    12
       Potion            |     2 |       ||     2
Armor: Leather armour    |    22 |       ||    22
       Skin              |    24 |       ||    24
       Ring mail         |    13 |    12 ||    25
       Plate armour      |       |    47 ||    47
Dodge: Dodged            |    66 |    45 ||   111

Table legend: (Time is in decaauts)
 A = Elapsed time spent in this place.
 B = Non-inter-level travel time spent in this place.
 C = Inter-level travel time spent in this place.
 D = Time resting spent in this place.
 E = Time spent auto-exploring this place.
 F = Levels seen in this place.
 G = Mean time per level.
                   A        B        C        D        E       F      G
               +--------+--------+--------+--------+--------+-----+--------+
         Total |   4451 |   3328 |   1123 |   1010 |   1799 |   4 | 1112.8 |
       Dungeon |   4451 |   3328 |   1123 |   1010 |   1799 |   4 | 1112.8 |
               +--------+--------+--------+--------+--------+-----+--------+

Top non-repeatable levels by time:
     D:1: 1642 daAuts
     D:3: 1118 daAuts
     D:2: 1066 daAuts
     D:4: 624 daAuts
